 Dungeon Crawl Stone Soup version 0.19-a0-922-gae50766 (webtiles) character file.

1091 Arkorax the Chopper (level 8, -14/64 HPs)
             Began as a Demonspawn Wanderer on July 6, 2016.
             Was an Initiate of Ru.
             Demolished by an orc warrior
             ... wielding a +0 halberd
              (23 damage)
             ... on level 6 of the Dungeon.
             The game lasted 00:04:51 (4902 turns).

Arkorax the Chopper (Demonspawn Wanderer)           Turns: 4902, Time: 00:04:52

Health: -14/64     AC:  6    Str: 15    XL:     8   Next: 9%
Magic:  12/12      EV: 15    Int: 13    God:    Ru [......]
Gold:   205        SH:  0    Dex: 18    Spells: 0 memorised, 13 levels left

rFire  . . .     SeeInvis .     a - +2 hand axe
rCold  . . .     Gourm    .     j - +0 scale mail
rNeg   . . .     Faith    .     (no shield)
rPois  .         Spirit   .     (helmet restricted)
rElec  .         Dismiss  .     (no cloak)
rCorr  .         Reflect  .     (no gloves)
SustAt +         Harm     .     (no boots)
MR     .....                    (no amulet)
Stlth  +.........               o - ring of flight
                                i - ring of sustain attributes

@: agile, not resistant to hostile enchantments, very unstealthy
A: horns 2, powered by pain 1, sturdy frame 1
a: Renounce Religion, Evoke Flight


You were on level 6 of the Dungeon.
You worshipped Ru.
Ru was noncommittal.
You were not hungry.

You visited 2 branches of the dungeon, and saw 7 of its levels.

You collected 205 gold pieces.

Inventory:

Hand Weapons
 a - a +2 hand axe (weapon)
 b - a +2 dagger of distortion
 y - a +2 whip of freezing
 z - a +0 war axe
Armour
 d - a +0 robe
 j - a +0 scale mail (worn)
 u - a +1 animal skin
Jewellery
 i - a ring of sustain attributes (left hand)
 o - a ring of flight (right hand)
Wands
 t - a wand of lightning (8/15)
Scrolls
 e - 4 scrolls of remove curse {unknown}
 g - a scroll of blinking {unknown}
 n - 2 scrolls of amnesia {unknown}
 q - 3 scrolls of teleportation {unknown}
 r - 4 scrolls of magic mapping {unknown}
 s - a scroll of identify
 w - a scroll of random uselessness {unknown}
 x - a scroll of immolation {unknown}
 A - a scroll of fear {unknown}
Potions
 k - 2 potions of curing
 p - a potion of invisibility
 v - a potion of agility {unknown}
Books
 c - Kuukh's Tome of Beguiling

   Spells                             Type                      Level
   a - Confusing Touch                Hexes                        1
   b - Confuse                        Hexes                        3
Comestibles
 f - 3 bread rations
 h - 2 slices of pizza
 l - 2 beef jerkies
 m - 5 meat rations


   Skills:
 * Level 6.2 Fighting
 * Level 6.3 Axes
 + Level 3.1 Armour
 - Level 1.0 Dodging
 - Level 3.0 Spellcasting
 - Level 2.0 Evocations


You had 13 spell levels left.
You didn't know any spells.

Dungeon Overview and Level Annotations

Branches:
Dungeon (6/15)             Temple (1/1) D:4

Altars:
Ashenzari
Cheibriados
Dithmenos
Fedhas
Hepliaklqana
Nemelex Xobeh
Pakellas
Qazlal
Ru
Trog
Uskayaw
Xom
Zin
The Shining One


Innate Abilities, Weirdness & Mutations

You have a pair of horns on your head.
You sometimes gain a little power by taking damage.
Your movements are slightly less encumbered by armour. (ER -2)


Message History

Unknown command.
No target in view!
No target in view!
No target in view!
You start resting.
You hear the slow rusting of a very distant drain.
An orc warrior comes into view. It is wielding a halberd.
The orc warrior shouts!
An orc warrior is nearby!
An orc warrior is nearby!
The orc warrior hits you with a halberd!!
You focus on the pain.
You feel agile all of a sudden.
You closely miss the orc warrior.
The orc warrior hits you with a halberd!!
* * * LOW HITPOINT WARNING * * *
You are too injured to fight recklessly!
Unknown command.
The orc warrior hits you from afar with a halberd!!
You die...

≈ ≈≈≈ ≈≈≈≈ ..≈≈≈
##≈≈≈####
#8.8.8##
+....o.##
#8.8.8..####.#
##≈≈≈###@......#
..≈≈ #†...######
≈≈≈ ##...## ≈≈
#.<.## ≈ #####


You could see an orc warrior.

Vanquished Creatures
  Pikel (D:4)
  Sigmund (D:4)
  Edmund (D:4)
  2 slaves (D:4)
  A sky beast (D:6)
  A crimson imp (D:5)
  2 hounds
  A giant frog skeleton (D:5)
  Robin (D:4)
  6 adders
  2 oozes
  An adder skeleton (D:4)
  3 worms
  3 giant geckos
  6 orcs (D:3)
  10 giant cockroaches (D:3)
  18 goblins
  5 hobgoblins
  2 jackals (D:3)
  11 kobolds
  A quokka (D:2)
  10 bats
  9 rats
98 creatures vanquished.

Notes
Turn   | Place    | Note
-------+----------+-------------------------------------------
     0 | D:1      | Arkorax the Demonspawn Wanderer began the quest for the Orb.
     0 | D:1      | Arkorax set off with: a +2 hand axe, a potion of lignification, Kuukh's Tome of Beguiling, a +0 robe, a bread ration
     0 | D:1      | Reached XP level 1. HP: 16/16 MP: 4/4
   138 | D:1      | Gained mutation: You sometimes gain a little power by taking damage. [demonic ancestry]
   138 | D:1      | Reached XP level 2. HP: 10/23 MP: 6/6
   784 | D:2      | Reached XP level 3. HP: 28/28 MP: 7/7
   793 | D:2      | Reached skill level 1 in Dodging
  1220 | D:2      | Found a bloodstained altar of Trog.
  1529 | D:2      | Gained mutation: You have a pair of small horns on your head. [demonic ancestry]
  1529 | D:2      | Reached XP level 4. HP: 30/35 MP: 8/8
  2218 | D:3      | Found a shadowy altar of Dithmenos.
  2784 | D:3      | Found a glowing golden altar of the Shining One.
  3067 | D:4      | Noticed Sigmund
  3079 | D:4      | Killed Sigmund
  3079 | D:4      | Reached skill level 1 in Armour
  3079 | D:4      | Gained mutation: Your movements are slightly less encumbered by armour. (ER -2) [demonic ancestry]
  3079 | D:4      | Reached XP level 5. HP: 35/42 MP: 9/9
  3079 | D:4      | Reached XP level 6. HP: 40/48 MP: 10/10
  3565 | D:4      | Noticed Robin
  3580 | D:4      | Killed Robin
  3692 | D:4      | Found an oddly glowing altar of Pakellas.
  3785 | D:4      | Found a staircase to the Ecumenical Temple.
  3889 | D:4      | Found a hazy altar of Hepliaklqana.
  3889 | D:4      | Found a stormy altar of Qazlal.
  4001 | Temple   | Entered the Ecumenical Temple
  4026 | Temple   | Became a worshipper of Ru the Awakened
  4193 | D:4      | Noticed Edmund
  4194 | D:4      | Noticed a slave
  4194 | D:4      | Found a glowing silver altar of Zin.
  4195 | D:4      | Noticed Pikel
  4195 | D:4      | Noticed a slave
  4196 | D:4      | Noticed a slave
  4197 | D:4      | Noticed a slave
  4210 | D:4      | Killed a slave
  4215 | D:4      | Killed a slave
  4220 | D:4      | Killed Pikel
  4220 | D:4      | Reached skill level 5 in Fighting
  4220 | D:4      | Reached skill level 5 in Axes
  4220 | D:4      | Gained mutation: You have a pair of horns on your head. [demonic ancestry]
  4220 | D:4      | Reached XP level 7. HP: 38/57 MP: 11/11
  4231 | D:4      | Killed Edmund
  4436 | D:5      | Entered Level 5 of the Dungeon
  4604 | D:5      | Reached XP level 8. HP: 57/64 MP: 12/12
  4902 | D:6      | Demolished by an orc warrior

Vault maps used:
D:1:      dpeg_arrival_snail, minmay_misc_feat_rugged
D:2:      nicolae_overflow_crystal_walls, minmay_tromino_i2
D:3:      minmay_roachtagon, nicolae_dithmenos_shadow_blocks,
          nicolae_overflow_hidden_temple, nrook_mini_backslash
D:4:      zin_academy, gammafunk_temple_overflow_elements, first_bread,
          grunt_pakellas_salt, uniq_pikel, uniq_edmund, uniq_sigmund, uniq_robin
D:6:      kennysheep_orc_sif_temple, makhleb_grotto_becter,
          portal_sewer_entry_e, serial_shops, shop, uniq_grinder, uniq_duvessa,
          uniq_blork_the_orc, uniq_prince_ribbit1
Temple:   nicolae_temple_great_sept

Skill      XL: |  1  2  3  4  5  6  7  8 |
---------------+-------------------------+-----
Axes           | 3 4 5 6 |  6.3
Dodging        | 1 |  1.0
Fighting       | 3 4 5 6 |  6.2
Armour         | 1 2 3 |  3.1
Spellcasting   | |  3.0
Evocations     | |  2.0

Action                   |  1- 3 |  4- 6 |  7- 9 || total
-------------------------+-------+-------+-------++-------
Melee: Hand axe          |   101 |   193 |    32 ||   326
       Headbutt          |       |    29 |     5 ||    34
  Use: Potion            |       |     4 |       ||     4
       Scroll            |       |     1 |       ||     1
 Stab: Invisible         |       |     3 |       ||     3
  Eat: Chunk             |     2 |       |       ||     2
       Bread ration      |       |     1 |     1 ||     2
       Meat ration       |       |     1 |       ||     1
Armor: Robe              |     3 |       |       ||     3
       Scale mail        |    48 |    86 |     4 ||   138
       Skin              |       |     1 |       ||     1
Dodge: Dodged            |    64 |    89 |    14 ||   167
